 Dungeon Crawl Stone Soup version 0.23.1 (webtiles) character file.

Game seed: 15054159689408006086

326 Morbidden the Chopper (level 6, -3/32 HPs)
             Began as a Vine Stalker Fighter on Mar 17, 2019.
             Slain by Duvessa
             ... wielding a +0 rapier
              (11 damage)
             ... on level 4 of the Dungeon.
             The game lasted 00:03:07 (1067 turns).

Morbidden the Chopper (Vine Stalker Fighter)        Turns: 1067, Time: 00:03:08

Health: -3/32      AC:  9    Str: 19    XL:     6   Next: 49%
Magic:  0/7        EV:  5    Int:  8    God:
Gold:   52         SH:  9    Dex: 15    Spells: 5/5 levels left

rFire    . . .     SeeInvis .   a - +0 war axe
rCold    . . .     Gourm    .   c - +0 shield
rNeg     . . .     Faith    .   m - +0 chain mail
rPois    .         Spirit   +   (no helmet)
rElec    .         Reflect  .   (no cloak)
rCorr    .         Harm     .   (no gloves)
MR       .....                  (no boots)
Stlth    ..........             (no amulet)
HPRegen  0.50/turn              j - ring of stealth
MPRegen  0.10/turn              (no ring)

@: no status effects
A: fangs 2, regeneration 1, magic shield, antimagic bite, no potion heal 3, rot
immunity
a: no special abilities


You were on level 4 of the Dungeon.
You were hungry.

You visited 1 branch of the dungeon, and saw 3 of its levels.

You collected 52 gold pieces.

Inventory:

Hand Weapons
 a - a +0 war axe (weapon)
Missiles
 n - 10 tomahawks (quivered)
Armour
 c - a +0 shield (worn)
 m - a +0 chain mail (worn)
Jewellery
 j - a ring of stealth (left hand)
Wands
 d - a wand of polymorph (6)
Scrolls
 b - 2 scrolls of identify
 e - 2 scrolls of blinking
Potions
 g - 2 potions of curing {unknown}
 h - a potion of mutation {unknown}
 k - 3 potions of haste {unknown}
 l - 2 potions of flight {unknown}
 p - a potion of agility {unknown}
Comestibles
 f - 6 rations


   Skills:
 + Level 3.4 Fighting
 + Level 4.5 Axes
 + Level 3.0 Armour
 + Level 0.2 Dodging
 + Level 0.3 Stealth
 + Level 3.6 Shields


You had 5 spell levels left.
You didn't know any spells.
Your spell library was empty.

Dungeon Overview and Level Annotations

Branches:
Dungeon (2/15)

Altars:
The Shining One

Annotations:
D:4 Duvessa


Innate Abilities, Weirdness & Mutations

You have extremely sharp teeth.
Your natural rate of healing is unusually fast.
When hurt, damage is shared between your health and your magic reserves.
Your bite disrupts and absorbs the magic of your enemies.
Potions cannot restore your health.
You are immune to rotting.


Message History

You block Dowan's attack.
Unknown command.
You barely miss Dowan. You completely miss something.
The crimson imp shouts!
The crimson imp blinks!
Something hits you! Dowan casts a spell at you.
You easily resist.
Unknown command.
You slice Dowan!!
You kill Dowan!
Something screams in rage.
Your Armour skill increases to level 3!
You hit something.
You feel a little less mighty now. Something hits you!
You block something's attack.
The crimson imp blinks!
Your shield prevents you from hitting something.
Something hits you.
* * * LOW HITPOINT WARNING * * *
Something hits you!
You die...

...####+#..........
................†##
#....####....#.#..#
#.... .......#...)#
#....#.#########.##
###............).#
...####.########
#.............
#.....@)..(...
#...###{###§.. #..#
Z# . #.. .. ... ...
#.. _..' ...## ...#


You could see an orc zombie.

Vanquished Creatures
  Sigmund (D:4)
  Dowan (D:4)
  An orc wizard (D:4)
  3 adders (D:2)
  2 worms
  3 dart slugs
  4 orcs (D:4)
  2 giant cockroaches (D:1)
  4 hobgoblins
  A quokka (D:4)
  2 bats
  A frilled lizard (D:2)
  7 goblins
  A goblin zombie (D:4)
  5 kobolds
  A kobold skeleton (D:4)
  6 rats
45 creatures vanquished.

Notes
Turn   | Place    | Note
-------+----------+-------------------------------------------
     0 | D:1      | Morbidden the Vine Stalker Fighter began the quest for the
                  | Orb.
     0 | D:1      | Reached XP level 1. HP: 11/11 MP: 2/2
   234 | D:1      | Reached XP level 2. HP: 13/16 MP: 1/3
   402 | D:1      | Reached skill level 2 in Axes
   727 | D:2      | Reached XP level 3. HP: 16/20 MP: 4/4
   872 | D:2      | Gained mutation: Your natural rate of healing is unusually
                  | fast. [Vine Stalker growth]
   872 | D:2      | Reached XP level 4. HP: 13/24 MP: 5/5
   988 | D:2      | You fall through a shaft for 2 floors!
   995 | D:4      | Reached skill level 3 in Axes
  1026 | D:4      | Noticed Sigmund
  1036 | D:4      | Killed Sigmund
  1036 | D:4      | Reached skill level 4 in Axes
  1036 | D:4      | Reached XP level 5. HP: 27/28 MP: 6/6
  1036 | D:4      | Reached XP level 6. HP: 31/32 MP: 7/7
  1049 | D:4      | Noticed Duvessa
  1050 | D:4      | Found a glowing golden altar of the Shining One.
  1050 | D:4      | Noticed Dowan
  1066 | D:4      | Killed Dowan
  1067 | D:4      | Slain by Duvessa

Skill      XL: |  1  2  3  4  5  6 |
---------------+-------------------+-----
Fighting       | 3 |  3.4
Shields        | 3 |  3.6
Axes           | 2 4 |  4.5
Armour         | 3 |  3.0
Dodging        | |  0.2
Stealth        | |  0.3

Action                   |  1- 3 |  4- 6 || total
-------------------------+-------+-------++-------
Melee: War axe           |    60 |    46 ||   106
       Bite              |    18 |    14 ||    32
Throw: Tomahawk          |     1 |       ||     1
  Use: Scroll            |       |     4 ||     4
       Potion            |       |     1 ||     1
Armor: Scale mail        |    10 |       ||    10
       Chain mail        |    19 |    25 ||    44
Dodge: Dodged            |    16 |     7 ||    23
Block: Shield            |    28 |    20 ||    48
